Map: World of Sleepers LE

Players

Elazer - Winner!

  • Race: Zerg Zerg
  • Spawn Location: 1:00

Asuna

  • Race: Protoss Protoss
  • Spawn Location: 7:00

VOD

Have the link to the VOD?

Description

Time

  • Played on: Sept. 6, 2019, 12:28 p.m.
  • Length: 7:42
Show
View Real Time Build Order
Export as new Build Order

Elazer Zerg - Winner!

Build Orders: Hatch First 

Get SALT Encoding   

  12  0:00  Drone  
  13  0:12  Overlord  
  13  0:16  Drone  
  14  0:30  Drone x2  
  16  0:47  Hatchery  
  15  0:50  Drone  
  15  0:54  Drone  
  18  0:57  Drone  
  18  1:08  Extractor  
  17  1:12  Spawning Pool  
  17  1:15  Drone  
  17  1:18  Drone  
  18  1:28  Drone  
  19  1:39  Drone  
  20  1:50  Drone  
  21  1:59  Queen x2  
  21  2:00  Overlord, Zergling x2  
  26  2:10  Drone  
  26  2:11  Zergling x2  
  28  2:26  Drone x2  
  28  2:29  Hatchery  
  29  2:36  Queen  
  29  2:37  Drone  
  29  2:39  Drone  
  33  2:46  Metabolic Boost  
  33  2:50  Overlord  
  33  2:52  Drone  
  33  2:57  Drone x2  
  36  3:10  Drone x2  
  36  3:11  Drone x4  
  42  3:14  Queen  
  44  3:20  Overlord  
  44  3:24  Lair  
  44  3:38  Drone x4, Extractor  
  44  3:39  Roach Warren  
  44  3:40  Drone  
  47  3:41  Drone  
  47  3:44  Drone  
  47  3:46  Drone  
  47  3:47  Drone  
  52  3:48  Drone  
  52  3:56  Drone x2  
  52  3:57  Overlord  
  52  3:59  Overlord  
  54  4:03  Zergling x2  
  54  4:04  Zergling x4  
  54  4:06  Zergling x2  
  58  4:10  Overlord  
  58  4:11  Overlord  
  58  4:19  Roach x3  
  58  4:21  Roach  
  58  4:24  Overseer  
  66  4:25  Overlord  
  66  4:31  Roach x3  
  71  4:33  Roach  
  75  4:38  Roach x2  
  75  4:43  Overlord  
  77  4:46  Drone  
  77  4:49  Unknown  
  77  4:51  Drone x3  
  77  4:52  Overlord  
  80  4:54  Roach x3  
  85  5:02  Roach x2  
  87  5:10  Overlord  
  87  5:12  Roach x2  
  87  5:13  Overlord  
  89  5:19  Overlord  
  89  5:22  Glial Reconstitution  
  89  5:23  Zergling x12  
  89  5:24  Zergling x2  
  96  5:31  Overlord  
  96  5:34  Roach x3  
  102  5:38  Overlord  
  101  5:45  Drone x2, Extractor  
  101  5:46  Baneling Nest, Evolution Chamber, Drone  
  101  5:53  Overlord  
  101  5:55  Drone x5  
  106  6:02  Overlord  
  106  6:03  Drone x3  
  108  6:06  Roach  
  108  6:07  Roach  
  108  6:11  Roach  
  114  6:12  Overlord  
  114  6:16  Roach  
  116  6:20  Roach x3  
  116  6:25  Roach  
  124  6:29  Roach  
  124  6:30  Roach x2  
  129  6:37  Roach x3  
  133  6:40  Zergling x8  
  133  6:46  Ravager  
  134  6:47  Ravager  
  134  6:49  Zergling x6  
  134  6:51  Ravager x2  
  134  6:54  Zergling x10  
  144  7:03  Zergling x14  
  144  7:05  Baneling x2  
  148  7:09  Baneling x6  
  148  7:12  Zergling x4  
  150  7:16  Ravager x2  
  150  7:18  Baneling  
  150  7:20  Zergling x8  
Show
View Real Time Build Order
Export as new Build Order

Asuna Protoss 

Build Orders: 1 Gate Expand 

Get SALT Encoding   

  12  0:00  Probe  
  13  0:12  Probe  
  14  0:21  Pylon  
  14  0:24  Probe  
  15  0:35  Probe  
  16  0:42  Gateway  
  16  0:43  Probe  
  16  0:48  Assimilator  
  17  0:53  Probe  
  18  1:05  Probe  
  19  1:17  Probe  
  20  1:24  Nexus  
  20  1:32  Cybernetics Core  
  20  1:35  Probe  
  21  1:40  Assimilator  
  21  1:47  Probe  
  21  1:50  Pylon  
  22  1:58  Adept  
  22  1:59  Probe  
  25  2:11  Probe  
  25  2:13  Twilight Council  
  26  2:21  Warp Gate  
  26  2:23  Probe  
  27  2:31  Stalker  
  27  2:33  Probe  
  27  2:35  Probe  
  30  2:41  Probe  
  30  2:43  Probe  
  31  2:51  Probe, Robotics Facility  
  34  2:58  Probe  
  34  3:01  Charge  
  34  3:03  Probe  
  36  3:10  Probe  
  37  3:15  Probe  
  38  3:22  Probe  
  38  3:23  Gateway  
  38  3:27  Gateway, Probe  
  39  3:29  Warp Prism  
  39  3:30  Gateway  
  42  3:41  Probe  
  42  3:43  Probe  
  44  3:52  Pylon  
  44  3:54  Probe  
  45  3:55  Probe  
  45  4:01  Pylon  
  46  4:10  Observer, Probe  
  46  4:13  Probe  
  46  4:16  Zealot  
  51  4:22  Pylon, Probe  
  52  4:31  Pylon  
  52  4:32  Probe  
  52  4:39  Zealot x4  
  52  4:42  Immortal, Forge  
  60  4:47  Probe  
  60  4:49  Nexus  
  61  4:59  Protoss Ground Weapons Level 1  
  65  5:00  Zealot x2  
  65  5:05  Zealot  
  66  5:15  Immortal  
  65  5:23  Gateway  
  65  5:25  Gateway  
  69  5:29  Sentry x2  
  69  5:30  Sentry x2  
  69  5:33  Pylon  
  77  5:37  Pylon  
  77  5:49  Immortal  
  77  5:54  Gateway  
  81  6:00  Zealot x2  
  81  6:01  Zealot x2  
  89  6:05  Probe  
  90  6:13  Gateway  
  90  6:17  Gateway  
  90  6:22  Zealot x3  
  94  6:28  Zealot  
  94  6:30  Zealot  
  97  6:33  Zealot  
  93  6:44  Zealot x3  
  91  6:54  Pylon  
  91  6:55  Pylon  
  91  7:00  Zealot x5  
  73  7:19  Sentry x4  
  73  7:20  Zealot x4  
  69  7:30  Zealot  
Tags
 
Add a new tag
Caveats
  • Supply blocks, unpowered buildings, or Contaminate may cause inaccurate times.
  • Supply counts are checked every 10 seconds.